Map: Ruins of Seras

Players

Bagain - Winner!

  • Race: Protoss Protoss
  • League: Gold

레드문

  • Race: Protoss Protoss

VOD

Have the link to the VOD?

Description

Time

  • Played on: Feb. 4, 2016, 3:03 a.m.
  • Length: 9:11
Show
View Real Time Build Order
Export as new Build Order

Bagain Protoss - Winner!

Build Orders: Nexus First 

Get SALT Encoding   

  12  0:01  Probe (Chrono Boost)  
  13  0:18  Probe (Chrono Boost)  
  13  0:19  Pylon  
  14  0:29  Probe (Chrono Boost)  
  15  0:39  Probe (Chrono Boost)  
  17  0:50  Probe (Chrono Boost)  
  17  1:04  Nexus  
  17  1:09  Probe (Chrono Boost)  
  18  1:17  Gateway  
  18  1:24  Probe (Chrono Boost)  
  19  1:26  Assimilator  
  19  1:35  Probe (Chrono Boost)  
  20  2:05  Cybernetics Core  
  20  2:08  Gateway  
  20  2:11  Forge  
  20  2:16  Assimilator, Probe x2 (Chrono Boost)  
  22  2:27  Pylon  
  22  2:32  Probe x2 (Chrono Boost)  
  24  2:49  Warp Gate  
  24  2:52  Mothership Core (Chrono Boost), Probe (Chrono Boost)  
  27  3:03  Stalker, Probe (Chrono Boost)  
  30  3:09  Assimilator  
  30  3:13  Photon Cannon  
  30  3:19  Pylon  
  30  3:20  Probe x2 (Chrono Boost)  
  32  3:27  Pylon  
  31  3:37  Stalker x2  
  35  3:43  Probe x2 (Chrono Boost)  
  37  3:53  Probe (Chrono Boost)  
  37  3:54  Probe (Chrono Boost)  
  39  4:00  Robotics Facility  
  39  4:04  Probe (Chrono Boost)  
  39  4:07  Photon Cannon  
  40  4:14  Stalker  
  42  4:28  Stalker  
  44  4:35  Gateway  
  44  4:39  Gateway  
  44  4:49  Observer  
  45  4:57  Probe (Chrono Boost)  
  45  4:58  Pylon  
  47  5:00  Probe (Chrono Boost)  
  47  5:01  Pylon  
  46  5:08  Probe (Chrono Boost)  
  46  5:10  Protoss Ground Weapons Level 1, Probe (Chrono Boost)  
  46  5:11  Immortal  
  52  5:18  Probe (Chrono Boost)  
  52  5:21  Probe (Chrono Boost)  
  54  5:22  Gateway  
  54  5:29  Probe (Chrono Boost)  
  55  5:43  Twilight Council  
  55  5:47  Photon Cannon  
  53  5:58  Stalker x2  
  53  5:59  Stalker x2  
  61  6:08  Immortal (Chrono Boost)  
  61  6:09  Probe (Chrono Boost)  
  61  6:10  Probe  
  67  6:14  Assimilator  
  63  6:19  Probe  
  63  6:23  Stalker x2  
  68  6:33  Stalker x2  
  68  6:38  Stalker  
  61  6:55  Stalker x2  
  61  6:57  Stalker  
  63  7:04  Stalker  
  63  7:05  Stalker  
  63  7:40  Stalker x3  
  63  7:43  Immortal (Chrono Boost)  
  63  7:46  Probe  
  63  7:48  Probe  
  63  7:57  Probe  
  63  8:48  Stalker  
Show
View Real Time Build Order
Export as new Build Order

레드문 Protoss 

Build Orders:  

Get SALT Encoding   

  12  0:01  Probe (Chrono Boost)  
  13  0:14  Pylon  
  13  0:18  Probe (Chrono Boost)  
  14  0:29  Probe (Chrono Boost)  
  15  0:39  Probe (Chrono Boost)  
  16  0:44  Gateway  
  16  0:48  Assimilator  
  16  0:51  Probe (Chrono Boost)  
  17  1:01  Probe (Chrono Boost)  
  18  1:05  Assimilator  
  18  1:12  Probe (Chrono Boost)  
  19  1:22  Probe (Chrono Boost)  
  20  1:32  Cybernetics Core  
  20  1:33  Probe (Chrono Boost)  
  20  1:37  Pylon  
  21  1:43  Probe (Chrono Boost)  
  23  1:54  Probe (Chrono Boost)  
  23  2:01  Gateway  
  23  2:08  Adept (Chrono Boost)  
  23  2:10  Warp Gate (Chrono Boost)  
  25  2:22  Pylon  
  25  2:28  Robotics Facility  
  25  2:33  Adept (Chrono Boost)  
  27  2:41  Mothership Core  
  29  2:52  Stalker  
  31  3:02  Pylon, Probe  
  32  3:14  Probe  
  33  3:38  Immortal (Chrono Boost)  
  41  3:42  Probe  
  42  3:54  Probe  
  39  4:01  Pylon  
  38  4:20  Immortal (Chrono Boost)  
  38  4:23  Pylon  
  42  4:26  Gateway  
  42  4:45  Stalker x2  
  46  4:54  Immortal (Chrono Boost)  
  46  4:58  Pylon  
  50  5:23  Stalker  
  50  5:24  Stalker x2  
  50  5:28  Observer (Chrono Boost)  
  57  5:47  Immortal (Chrono Boost)  
  61  5:56  Stalker  
  63  6:04  Pylon  
  63  6:07  Pylon  
  58  6:21  Immortal (Chrono Boost)  
  58  6:23  Stalker x2  
  58  6:24  Stalker  
  68  6:30  Probe  
  69  6:42  Probe  
  60  6:54  Probe  
  60  6:59  Stalker x2  
  60  7:00  Stalker  
Tags
 
League
Gold
Matchup
PvP
Replay Pack
rep
Add a new tag
Caveats
  • Supply blocks, unpowered buildings, or Contaminate may cause inaccurate times.
  • Supply counts are checked every 10 seconds.